[Event "*** Titled Tuesday Blitz"]
[Site "Chess.com"]
[Date "2021.03.30"]
[Round "9"]
[White "maximnovik"]
[Black "Eternauta2400"]
[Result "0-1"]
[WhiteElo "2547"]
[BlackElo "2419"]
[TimeControl "180+1"]
[EndTime "11:47:07 PDT"]
[Termination "Eternauta2400 won on time"]

1. d4 Nf6 2. Bg5 g6 3. Bxf6 exf6 4. e3 Bg7 5. c4 O-O 6. Nc3 f5 7. g3 c5 8. dxc5 Na6 9. Bg2 Nxc5 10. Nge2 d6 11.
O-O Re8 12. Rc1 a6 13. Qd2 Be6 14. b3 Rc8 15. Rfd1 Qa5 16. Rb1 Qb4 17. Nd4 Bd7 18. a3 Qxa3 19. b4 Ne4 20. Bxe4 Rxc4 21. Bd5 Rxc3 22.
Ra1 Qxb4 23. Rdb1 Qc5 24. Rxb7 Qxd5 25. Rxd7 Rec8 26. Rd1 a5 27. Qe2 Rc1 28. h4 Rxd1+ 29. Qxd1 h5 30. Kh2 f4 31. gxf4 Bf6 32. f5 Qe4 33. fxg6 Qxh4+ 34. Kg2 Qg4+ 35. Qxg4 hxg4 36. gxf7+ Kg7 37. Ne6+ Kg6 38. f8=Q Rxf8 39. Nxf8+ Kf5 40. Ra7 Bc3 41. Nd7 Ke4 42. Nb6 d5 43. Ra6 d4 44. Nc4 d3 45. Nxa5 d2 0-1

[Event "*** Titled Tuesday Blitz"]
[Site "Chess.com"]
[Date "2021.03.30"]
[Round "9"]
[White "RaphCamora"]
[Black "UKR_Master"]
[Result "1-0"]
[WhiteElo "2411"]
[BlackElo "2532"]
[TimeControl "180+1"]
[EndTime "11:47:08 PDT"]
[Termination "RaphCamora won on time"]

1. e4 c5 2. Nf3 d6 3. d4 cxd4 4. Nxd4 Nf6 5. Nc3 a6 6. Bg5 Nbd7 7. Bc4 e6 8. O-O h6 9. Bxf6 Nxf6 10. f4 Qc7 11. Bb3 b5 12. a3 Bb7 13. Qd3 Qc5 14. Kh1 Be7 15. Rae1 Qh5 16. h3 O-O 17. Kg1 Qc5 18. Kh1 Qh5 19. f5 e5 20. Nf3 Rfc8 21. Re3 Rc5 22. Ne2 Nxe4 23. Rxe4 Qxf5 24. Ng3 Bxe4 25.
Nxf5 Bxd3 26. cxd3 Bf8 27. d4 exd4 28. N3xd4 Ra7 29.
h4 g6 30. Ne3 h5 31. Nf3 Bg7 32. Rf2 Kf8 33. Ng5 Rcc7 34. Ne6+ Kg8 35. Nxc7 Rxc7 36. g3 Rc1+ 37. Kg2 Rb1 38. Bxf7+ Kh7 39. b4 Ra1 40.
Nd5 Rxa3 41. Ne7 Be5 42. Bxg6+ Kh6 43. Be4 1-0

[Event "*** Titled Tuesday Blitz"]
[Site "Chess.com"]
[Date "2021.03.30"]
[Round "9"]
[White "pastouche06"]
[Black "GregShahade"]
[Result "0-1"]
[WhiteElo "2551"]
[BlackElo "2703"]
[TimeControl "180+1"]
[EndTime "11:47:11 PDT"]
[Termination "GregShahade won by resignation"]

1. d4 Nf6 2. c4 g6 3. f3 Nc6 4.
Nc3 d5 5. cxd5 Nxd5 6. e4 Nxc3 7. bxc3 e5 8. d5 Na5 9. Be3 c6 10. h4 Bg7 11. h5 O-O 12. hxg6 hxg6 13. Qd2 cxd5 14. exd5 e4 15. Bh6 e3 16. Bxe3 Re8 17. Kf2 Qc7 18. Bd4 Nc4 19. Bxc4 Qxc4 20. Bxg7 Kxg7 21.
Ne2 Bd7 22. Qh6+ Kf6 23. Rae1 Bb5 24. Nd4 Qxa2+ 25. Kg3 Rxe1 26. Rxe1 Qxd5 27. Qf4+ Kg7 28. Re7 Be8 29. Qe3 Bc6 30. Ne6+ Kg8 31. Nc7 Qd6+ 32. Qe5 Qxe5+ 33. Rxe5 Rc8 34. Nd5 Bxd5 35. Rxd5 Rxc3 36. Rd7 Rb3 37. Rd8+ Kg7 38. Rd7 a5 39. Kf4 a4 40.
Rd4 a3 41. Ra4 b5 42. Ra5 b4 0-1

[Event "*** Titled Tuesday Blitz"]
[Site "Chess.com"]
[Date "2021.03.30"]
[Round "9"]
[White "szachuspl"]
[Black "azikom"]
[Result "1-0"]
[WhiteElo "2562"]
[BlackElo "2683"]
[TimeControl "180+1"]
[EndTime "11:47:11 PDT"]
[Termination "szachuspl won on time"]

1. d4 d5 2. c4 e6 3. Nc3 c6 4. Nf3 dxc4 5. a4 Bb4 6. e3 b5 7. Bd2 Bb7 8. axb5 Bxc3 9. bxc3 cxb5 10. Qb1 a6 11. Ne5 Nd7 12. Nxc4 Ndf6 13. Na5 Be4 14. Qb2 Ne7 15. f3 Bg6 16. Be2 O-O 17. O-O Nfd5 18. e4 Nb6 19. Be3 Qc7 20. Rfc1 Rfb8 21. Qa2 Na4 22.
Nc4 f6 23. g3 Bf7 24. Qa3 e5 25. Nd6 b4 26. Qxa4 Qxd6 27. d5 Be8 28. Qa5 bxc3 29. Qxc3 Bb5 30. Bc5 Qd7 31. Bxb5 Rxb5 32. Bf2 Ng6 33.
Qc7 Nf8 34. Qxd7 Nxd7 35. Rc7 Nf8 36. Ra2 a5 37. Kg2 a4 38. Bc5 Ng6 39. h4 h5 40. d6 1-0

[Event "*** Titled Tuesday Blitz"]
[Site "Chess.com"]
[Date "2021.03.30"]
[Round "9"]
[White "Lion-Al-Messi"]
[Black "MatyChess1"]
[Result "1-0"]
[WhiteElo "2512"]
[BlackElo "2612"]
[TimeControl "180+1"]
[EndTime "11:47:11 PDT"]
[Termination "Lion-Al-Messi won by resignation"]

1. e4 c5 2. Nc3 d6 3. Nf3 Nf6 4. d4 cxd4 5. Nxd4 a6 6. h3 e5 7. Nde2 h5 8. Bg5 Be6 9. Ng3 g6 10. Be2 Nbd7 11. Qd2 Qc7 12. Rd1 b5 13. a3 Rc8 14. f4 exf4 15. Qxf4 Be7 16. O-O Nh7 17. Bxe7 Kxe7 18. Nd5+ Bxd5 19. Rxd5 Nhf6 20. Rd2 Qc5+ 21. Kh2 Qe5 22. Bd3 Qxf4 23. Rxf4 Ne5 24. Ne2 Rc5 25. Nd4 Rb8 26. Rdf2 Nfd7 27. Ne2 b4 28. axb4 Rxb4 29. b3 a5 30. Bc4 f6 31. Nc3 a4 32. Nd5+ Rxd5 33. Bxd5 a3 34. c3 Rb6 35. Ra2 Ra6 36. b4 Nb6 37. Bb3 Ra8 38. Rf1 Rc8 39. Rc1 Ra8 40.
Bd5 Nxd5 41. exd5 Nc4 42. Re1+ Kf7 43. Re4 Rc8 44. Rxc4 Rxc4 45. Rxa3 f5 46. Kg3 Kf6 47. Rb3 Ke5 48. b5 Kxd5 49. b6 Rc8 50. b7 Rb8 51. Kf4 Kc4 52. Rb1 d5 53. Ke5 h4 54. Kd6 f4 55.
Kc7 Rxb7+ 56. Rxb7 Kxc3 57. Kd6 d4 58. Ke5 d3 59. Kxf4 d2 60. Rd7 Kb2 61. Kg4 Kc2 62.
Kxh4 d1=Q 63. Rxd1 Kxd1 64. Kg5 1-0

[Event "*** Titled Tuesday Blitz"]
[Site "Chess.com"]
[Date "2021.03.30"]
[Round "9"]
[White "KNVB"]
[Black "KroshkaKami"]
[Result "1-0"]
[WhiteElo "2638"]
[BlackElo "2399"]
[TimeControl "180+1"]
[EndTime "11:47:12 PDT"]
[Termination "KNVB won by resignation"]

1. e4 g6 2. Nc3 Bg7 3. Bc4 d6 4.
d3 Nf6 5. a3 O-O 6. Nf3 e5 7.
O-O c6 8. Re1 Nbd7 9. h3 Nh5 10.
d4 Qe7 11. dxe5 dxe5 12. Bg5 Qc5 13. Bb3 Nf4 14. Na4 Qa5 15. Qd2 Qxd2 16. Nxd2 Re8 17. Nc4 b5 18. Nd6 Rf8 19. Nc3 Nc5 20. Be7 Nxb3 21. cxb3 Be6 22. Bxf8 Bxf8 23. Nb7 Bxb3 24. Na5 Be6 25. Nxc6 Nd3 26. Re2 Bc4 27. Rd2 Nc5 28.
Re1 f6 29. Nd5 Kf7 30. f3 Ne6 31. Kh2 Bc5 32. Na5 Bd4 33. Nxc4 bxc4 34. Rc1 Rb8 35. Rxc4 Bxb2 36. Rb4 Rxb4 37. axb4 Bd4 38. Rc2 Ke8 39. Nc7+ Kd7 40. Nxe6 Kxe6 41. Rc7 h5 42. h4 g5 43. Kh3 Be3 44. b5 Bd4 45. g3 Be3 46. Rh7 Bd4 47.
Rxh5 Be3 48. Rh7 Bd4 49. h5 1-0

[Event "*** Titled Tuesday Blitz"]
[Site "Chess.com"]
[Date "2021.03.30"]
[Round "9"]
[White "Ladislav1969"]
[Black "bsnsun"]
[Result "0-1"]
[WhiteElo "2341"]
[BlackElo "2471"]
[TimeControl "180+1"]
[EndTime "11:47:12 PDT"]
[Termination "bsnsun won by resignation"]

1. e4 c5 2. d4 cxd4 3. c3 d3 4.
Bxd3 Nc6 5. c4 g6 6. Nc3 Bg7 7. f4 d6 8. Nf3 Nf6 9. h3 a6 10.
Be3 Be6 11. O-O O-O 12. Rc1 Rc8 13. b3 Nb4 14. Bb1 Bd7 15. e5 dxe5 16. fxe5 Nh5 17. g4 Ng3 18. Rf2 Bc6 19. Kg2 Qxd1 20. Rxd1 Bxf3+ 21. Rxf3 Bxe5 22. Nd5 Nxd5 23. Rxd5 Bb8 24. Rxg3 Bxg3 25.
Kxg3 Rfd8 26. Be4 Rxd5 27. Bxd5 Rc7 28. Kf3 e6 29. Be4 f5 30. Bd3 Rd7 31. Be2 e5 32.
c5 Kf7 33. b4 Kf6 34. a4 e4+ 35. Kf2 Ke5 36. Kg3 Rf7 37. Bf4+ Kd4 38. gxf5 gxf5 39.
Bd6 Rg7+ 40. Kf4 Rg2 41. Bxa6 bxa6 42. c6 Rc2 43. b5 axb5 44. axb5 e3 45. Kf3 e2 46. Kf2 Kd3 47. c7 Rc1 48. Bb4 Rxc7 49. Kf3 Rb7 50. Be1 Rxb5 51. Kf4 Rb1 0-1

[Event "*** Titled Tuesday Blitz"]
[Site "Chess.com"]
[Date "2021.03.30"]
[Round "9"]
[White "Chessbard1972"]
[Black "gvanna"]
[Result "0-1"]
[WhiteElo "2237"]
[BlackElo "2388"]
[TimeControl "180+1"]
[EndTime "11:47:12 PDT"]
[Termination "gvanna won on time"]

1. e4 c5 2. Nf3 g6 3. Bc4 Bg7 4. c3 Nc6 5. Qb3 e6 6. Qc2 Nge7 7. O-O O-O 8. d3 d5 9. Bb5 a6 10. Bxc6 Nxc6 11. Bg5 Qd6 12. Nbd2 b5 13. Rad1 Bb7 14. Rfe1 Rac8 15. Bh4 b4 16. Bg3 Qd7 17. e5 bxc3 18.
bxc3 d4 19. c4 Nb4 20. Qb3 Bc6 21. Qa3 Nc2 22. Qxa6 Nxe1 23. Rxe1 Ra8 24. Qb6 Rfc8 25. Nb3 Bf8 26. Ng5 Rcb8 27. Nxc5 Rxb6 28. Nxd7 Bxd7 29. Ne4 Rxa2 30. Nf6+ Kg7 31. Nxd7 Rb3 32. h4 Rxd3 33. h5 gxh5 34. Bh4 Rda3 35. Bf6+ Kg8 36.
Re4 d3 37. Rd4 d2 38. Kh2 Bb4 39. c5 Ra4 40. c6 Ba5 41. Rd3 R2a3 42. Rd6 Rc4 43. Bg5 Rc2 44. Bf6 h6 45. Nb8 Bc7 46. Rd7 Bxb8 47. Rd8+ Kh7 48. Rxb8 d1=Q 49. Rh8+ Kg6 50.
Rg8+ Kf5 51. g4+ hxg4 0-1

[Event "*** Titled Tuesday Blitz"]
[Site "Chess.com"]
[Date "2021.03.30"]
[Round "9"]
[White "olksuna"]
[Black "jcibarra"]
[Result "0-1"]
[WhiteElo "2688"]
[BlackElo "2855"]
[TimeControl "180+1"]
[EndTime "11:47:13 PDT"]
[Termination "jcibarra won on time"]

1. e4 c5 2. Nf3 Nc6 3. d4 cxd4 4. Nxd4 e5 5. Nf5 d5 6. Qxd5 Qxd5 7. exd5 Bxf5 8. dxc6 bxc6 9. Bd3 Bxd3 10. cxd3 Bd6 11. Ke2 Ne7 12. Be3 Rb8 13. b3 a5 14. Nc3 Nd5 15.
Na4 Ba3 16. Bc1 Bb4 17. Be3 Ba3 18. Bc1 Be7 19. Be3 Kd7 20. Rhc1 Ba3 21. Rc4 f5 22.
g3 Rhe8 23. Bc5 Bb4 24. Rac1 Rec8 25. h4 Rb5 26. Kf3 Bxc5 27. Rxc5 Rc7 28. Re1 Kd6 29. Rec1 Nb4 30. Rxb5 cxb5 31. Rxc7 Kxc7 32. Nc3 Kc6 33.
Ke2 Kc5 34. h5 Nc6 35. Ke3 Kb4 36. Nb1 Ne7 37. Kd2 Nd5 38. Kc2 Nf6 39. h6 gxh6 40. a3+ Kc5 41. Kd2 h5 42. Nc3 b4 0-1

[Event "*** Titled Tuesday Blitz"]
[Site "Chess.com"]
[Date "2021.03.30"]
[Round "9"]
[White "FairChess_on_YouTube"]
[Black "GigaQuparadze"]
[Result "0-1"]
[WhiteElo "2994"]
[BlackElo "2901"]
[TimeControl "180+1"]
[EndTime "11:47:14 PDT"]
[Termination "GigaQuparadze won by resignation"]

1. e4 c5 2. Nf3 e6 3. d4 cxd4 4. Nxd4 a6 5. Bd3 Nf6 6. O-O Qc7 7. Qe2 d6 8. c4 g6 9. Nc3 Bg7 10. Be3 O-O 11. Kh1 Nbd7 12. f3 b6 13. Rfc1 Bb7 14.
Qf2 Ne5 15. Bf1 Nfd7 16. b4 Rac8 17. Nb3 Ba8 18. Bd4 Qb8 19. Nd2 Bh6 20. Be3 Bg7 21. Rab1 Nc6 22. c5 b5 23. cxd6 Qxd6 24. a3 Nxb4 25.
Nxb5 axb5 26. Rxc8 Rxc8 27. axb4 Bc6 28. Nb3 Qxb4 29.
Bd4 Ne5 30. Qd2 Qxd2 31. Nxd2 Nc4 32. Nxc4 bxc4 33. Bxg7 Kxg7 34. Rc1 Bb5 35. Kg1 Kf6 36. Kf2 Ke5 37. Ke3 g5 38. Be2 f5 39. exf5 exf5 40. Rb1 f4+ 41. Kf2 Bd7 42. Rb7 Be6 43. Bd1 c3 44. Bc2 Rd8 45. Rb5+ Kf6 46. Bxh7 Rd2+ 47.
Kg1 c2 48. Bxc2 Rxc2 49. h3 Bc4 50. Ra5 Rc1+ 51. Kh2 Bf1 52. Kg1 Be2+ 53. Kh2 Rc2 54. Kg1 Kg6 55. Rd5 Kh5 56. Rd8 Kh4 57. Kh2 Bxf3 58.
Rh8+ Bh5 59. Re8 Bxe8 0-1

[Event "*** Titled Tuesday Blitz"]
[Site "Chess.com"]
[Date "2021.03.30"]
[Round "9"]
[White "OhanyanEminChess"]
[Black "Terao90"]
[Result "0-1"]
[WhiteElo "2670"]
[BlackElo "2559"]
[TimeControl "180+1"]
[EndTime "11:47:15 PDT"]
[Termination "Terao90 won by resignation"]

1. e4 c5 2. Nf3 Nc6 3. Nc3 g6 4.
d4 cxd4 5. Nxd4 Bg7 6. Be3 Nf6 7.
Nxc6 bxc6 8. e5 Ng8 9. Bd4 f6 10. f4 Qc7 11. Bc4 fxe5 12. fxe5 Bxe5 13. O-O Nf6 14. Kh1 d5 15. Bxe5 Qxe5 16. Re1 Qd6 17. Qd4 O-O 18. Bb3 Be6 19. Qe5 Kf7 20. Qg5 Ng4 21. g3 Nf2+ 22. Kg2 Kg7 23. Re2 Rf5 24. Qe3 Ne4 25. Nxe4 dxe4 26. Qxe4 Bxb3 27. axb3 e5 28. Ra6 Raf8 29. Rxa7+ Kh8 30. Ra1 Qc5 31. Kh1 h5 32.
Rg1 Kh7 33. Qg2 Rf2 34. Qe4 Rxe2 35. Qxe2 Rf2 36. Qd3 Rxc2 37. Qd7+ Kh6 38. Qd8 Qd5+ 39. Qxd5 cxd5 40. Rc1 Rxc1+ 0-1

[Event "*** Titled Tuesday Blitz"]
[Site "Chess.com"]
[Date "2021.03.30"]
[Round "9"]
[White "VladaSviridova"]
[Black "Maddie"]
[Result "0-1"]
[WhiteElo "2224"]
[BlackElo "2081"]
[TimeControl "180+1"]
[EndTime "11:47:15 PDT"]
[Termination "Maddie won on time"]

1. d4 d5 2. c4 c6 3. Nf3 Nf6 4. Nc3 e6 5. e3 Bb4 6. Bd3 O-O 7. O-O Nbd7 8. Qc2 dxc4 9. Bxc4 Nb6 10. Bd3 Nbd5 11. a3 Ba5 12. e4 Nxc3 13. bxc3 h6 14. e5 Nd5 15. c4 Nb6 16. Rd1 Nd7 17. c5 b6 18. cxb6 Qxb6 19. Rb1 Qc7 20. Bf4 Nb6 21. Be4 Nd5 22. Bxd5 cxd5 23. Qxc7 Bxc7 24. Rdc1 Bb6 25. Bd2 Ba6 26. a4 Rfc8 27. a5 Bd8 28. h3 Rxc1+ 29. Rxc1 Rc8 30. Rxc8 Bxc8 31. Bb4 Ba6 32. g3 f6 33.
exf6 gxf6 34. h4 Kf7 35. Kg2 Bc7 36. Nd2 Bc4 37. Nxc4 dxc4 38. Kf3 e5 39. dxe5 Bxe5 40. Ke4 a6 41. Kd5 c3 42. Ba3 c2 43. Bc1 Bc7 44. Kc4 Bxa5 45. Kd3 Bb6 46. f3 Bc7 47. g4 f5 48.
Kxc2 fxg4 49. fxg4 Kg6 50. Kd3 Bg3 51. h5+ Kg7 52.
Ke4 a5 53. Bb2+ Kf7 54. Kf5 Bd6 55. Bc1 Bf8 56. Bb2 a4 57. Bc3 a3 58. g5 hxg5 59. Kxg5 Bg7 0-1

[Event "*** Titled Tuesday Blitz"]
[Site "Chess.com"]
[Date "2021.03.30"]
[Round "9"]
[White "Zkid"]
[Black "Alexander_Zubov"]
[Result "1-0"]
[WhiteElo "2863"]
[BlackElo "2968"]
[TimeControl "180+1"]
[EndTime "11:47:16 PDT"]
[Termination "Zkid won by resignation"]

1. e4 c5 2. Nf3 e6 3. d4 cxd4 4. Nxd4 a6 5. c4 Nf6 6. Nc3 Bb4 7. Qd3 Qc7 8. a3 Be7 9. f4 O-O 10. e5 Ne8 11. Be2 d6 12. Qg3 Nd7 13. Nf3 b6 14. O-O Bb7 15. Be3 Rc8 16. Rad1 dxe5 17. Nxe5 Nef6 18.
b4 Nxe5 19. fxe5 Ne4 20. Nxe4 Bxe4 21. h4 Rcd8 22. Rxd8 Qxd8 23. h5 Kh8 24. h6 gxh6 25. Bf3 Rg8 26. Qf2 Bxf3 27. Qxf3 Bg5 28. Bf2 Qc7 29. c5 bxc5 30. bxc5 Qxe5 31. Qxf7 Be3 32. Re1 Qg5 33. Qf3 Bxf2+ 34. Qxf2 Rd8 35. Rb1 Kg8 36. c6 Rc8 37. Rb7 Qg6 38. Qd4 e5 39. Qd5+ Kh8 40. Qxe5+ Kg8 41. c7 Qc6 42. Rb8 Qd7 43. Rxc8+ Qxc8 44. Qd5+ Kg7 45. Qd8 Qf5 46. c8=Q 1-0

[Event "*** Titled Tuesday Blitz"]
[Site "Chess.com"]
[Date "2021.03.30"]
[Round "9"]
[White "SantoBlue"]
[Black "Nice_2_M8te_U"]
[Result "1-0"]
[WhiteElo "2801"]
[BlackElo "2579"]
[TimeControl "180+1"]
[EndTime "11:47:16 PDT"]
[Termination "SantoBlue won by checkmate"]

1. e4 c5 2. Nf3 Nc6 3. Bb5 g6 4. Bxc6 dxc6 5. O-O Bg7 6. d3 Qc7 7. Nbd2 e5 8. Nc4 Ne7 9. a4 O-O 10. h3 Be6 11. b3 Rad8 12. a5 b5 13. axb6 axb6 14. Bb2 Bxc4 15. bxc4 f5 16. Re1 f4 17. Ra2 b5 18. Qa1 Qd6 19. Ra7 Nc8 20. Qa2 Nxa7 21. cxb5+ Rf7 22. Ng5 Qe7 23. Nxf7 Qxf7 24. Qa5 Rb8 25.
b6 Nb5 26. Ra1 Qb7 27. c4 Nd4 28. Bxd4 exd4 29. Rb1 Bf8 30. Qd2 Qa6 31. Qb2 Rb7 32. e5 Be7 33. e6 Kg7 34. Qe2 Bd6 35. Qe4 Rxb6 36. Rxb6 Qxb6 37. e7 Qb1+ 38. Kh2 f3+ 39. g3 Qf1 40. e8=N+ Kf8 41. Qxf3+ Kxe8 42. Qxc6+ Ke7 43.
Qb7+ Kf6 44. Qf3+ Ke7 45. Qb7+ Ke6 46. Qe4+ Kd7 47. Qb7+ Kd8 48. Qa8+ Ke7 49. Qe4+ Kf8 50. Qf3+ Kg7 51. Qb7+ Kh6 52. Qf3 Be5 53. h4 Bd6 54. Qf6 Kh5 55. Qg5# 1-0

[Event "*** Titled Tuesday Blitz"]
[Site "Chess.com"]
[Date "2021.03.30"]
[Round "9"]
[White "DenisQ"]
[Black "muchojogo"]
[Result "1-0"]
[WhiteElo "2644"]
[BlackElo "2432"]
[TimeControl "180+1"]
[EndTime "11:47:17 PDT"]
[Termination "DenisQ won on time"]

1. Nf3 Nf6 2. c4 g6 3. Nc3 Bg7 4. g3 O-O 5. Bg2 d6 6. O-O c5 7. d4 Nc6 8. dxc5 dxc5 9. Be3 Qa5 10. Qa4 Be6 11. Qxa5 Nxa5 12. b3 Ng4 13. Bd2 Rad8 14. Rac1 Nc6 15. Rfd1 Nd4 16. Nxd4 Bxd4 17. e3 Bg7 18.
Bxb7 Ne5 19. Kg2 Nd3 20. Rb1 Nb4 21. Be1 Bxc3 22. Bxc3 Nxa2 23. Be5 Nb4 24. Bc7 Rd7 25. Rxd7 Bxd7 26. Ra1 a6 27. Ra5 Bc8 28. Bxc8 Rxc8 29.
Bb6 Nd3 30. Rxa6 Rc6 31. Ra8+ Kg7 32. Ba5 e5 33. Kf3 Rf6+ 34. Ke4 Nxf2+ 35. Kd5 Nd3 36. Bc3 Rf2 37. Ke4 Nc1 38. Rb8 Rxh2 39. Bxe5+ f6 40.
Bd6 Rb2 41. Rb7+ Kh6 42. Bxc5 Nxb3 43. Bf8+ Kh5 44. Rxh7+ Kg4 45. c5 Rc2 46. Kd5 Kxg3 47. c6 f5 48. c7 Nd2 49. Bd6+ Kf3 50. Rh2 1-0

[Event "*** Titled Tuesday Blitz"]
[Site "Chess.com"]
[Date "2021.03.30"]
[Round "9"]
[White "jamalm2"]
[Black "xberli"]
[Result "0-1"]
[WhiteElo "1983"]
[BlackElo "2483"]
[TimeControl "180+1"]
[EndTime "11:47:18 PDT"]
[Termination "xberli won on time"]

1. e4 e5 2. Nf3 Nc6 3. Bc4 Nf6 4. d3 Be7 5. O-O O-O 6. c3 h6 7. h3 Kh8 8. Be3 d6 9. Nbd2 Nh7 10. b4 a6 11. a4 f5 12. exf5 Bxf5 13. Qe2 Ng5 14. Nh4 Nxh3+ 15. gxh3 Bxh4 16. Qh5 Bg5 17. Kh2 Bf4+ 18. Bxf4 exf4 19. Bd5 Qf6 20. d4 Rab8 21. Rg1 Ne7 22. Be4 Qf7 23. Qf3 Ng6 24. Bxf5 Qxf5 25.
Rg4 Rf7 26. Rag1 Ne7 27. Ne4 Rbf8 28. Rh4 Ng8 29. c4 Re7 30. Ng5 Rfe8 31. Qxb7 Nf6 32.
Qf3 Ne4 33. Rxf4 Nxg5 34. Rxf5 Nxf3+ 35. Rxf3 Kg8 36. Rf4 Re2 37. Rg2 Rb2 38. b5 Ra2 39. bxa6 Rxa4 40. d5 Rxa6 0-1

[Event "*** Titled Tuesday Blitz"]
[Site "Chess.com"]
[Date "2021.03.30"]
[Round "9"]
[White "GMKrikor"]
[Black "GelmanAlexander"]
[Result "1-0"]
[WhiteElo "2843"]
[BlackElo "2654"]
[TimeControl "180+1"]
[EndTime "11:47:19 PDT"]
[Termination "GMKrikor won by resignation"]

1. e4 c5 2. Nf3 e6 3. d4 cxd4 4. Nxd4 a6 5. Bd3 d6 6. O-O Nf6 7. c4 Bd7 8. Nc3 Nc6 9. Be3 Be7 10. Rc1 Rc8 11. f4 h5 12. h3 h4 13. Qd2 Nh5 14. Nf3 Qa5 15. a3 Ng3 16. Rfe1 Qh5 17. b4 Rh6 18. Bf2 Rf6 19. Kh2 Rh6 20. Qe3 Kf8 21. Nxh4 Bxh4 22. Bxg3 Bxg3+ 23. Qxg3 Nd4 24. e5 dxe5 25.
Rxe5 Qh4 26. Qxh4 Rxh4 27. Kg3 Rh6 28. Rd1 Bc6 29. Kf2 Rf6 30. g3 Rh6 31. h4 Rd8 32. Be4 f6 33. Rc5 e5 34. Bxc6 bxc6 35. fxe5 fxe5 36.
Rxe5 Rf6+ 37. Kg2 Rdd6 38. Ne4 Nf3 39. Rxd6 Rxd6 40. Rf5+ Ke7 41. Nxd6 Ne1+ 42. Kf1 Kxd6 43. Kxe1 1-0

[Event "*** Titled Tuesday Blitz"]
[Site "Chess.com"]
[Date "2021.03.30"]
[Round "9"]
[White "Fortitudine"]
[Black "Grieve72"]
[Result "0-1"]
[WhiteElo "2284"]
[BlackElo "2476"]
[TimeControl "180+1"]
[EndTime "11:47:19 PDT"]
[Termination "Grieve72 won on time"]

1. c4 g6 2. g3 Bg7 3. Bg2 c5 4. Nc3 Nc6 5. d3 e6 6. e4 Nge7 7. Nge2 O-O 8. O-O b6 9. Be3 Nd4 10. Qd2 Bb7 11. Bh6 f5 12. Bxg7 Kxg7 13. Nxd4 cxd4 14. Ne2 e5 15. f4 d6 16. exf5 Bxg2 17. f6+ Rxf6 18. Kxg2 Nf5 19. Rf3 Qd7 20. Kg1 Raf8 21.
Raf1 Ne3 22. Rxe3 dxe3 23. Qxe3 Qc6 24. b3 Qc5 25. d4 exd4 26. Nxd4 Kf7 27. Rf2 Re8 28.
Qc3 d5 29. Nf3 Re2 30. Ne5+ Ke7 31. Qf3 Qxf2+ 32. Qxf2 Rxf2 33. Kxf2 dxc4 34. bxc4 Kd6 35. Ke3 g5 36. Ke4 gxf4 37. gxf4 a5 38. a4 Rf8 39. f5 Re8 0-1

[Event "*** Titled Tuesday Blitz"]
[Site "Chess.com"]
[Date "2021.03.30"]
[Round "9"]
[White "KuzubovYuriy"]
[Black "OparinGrigoriy"]
[Result "0-1"]
[WhiteElo "2860"]
[BlackElo "2999"]
[TimeControl "180+1"]
[EndTime "11:47:20 PDT"]
[Termination "OparinGrigoriy won by resignation"]

1. d4 Nf6 2. Nf3 e6 3. c4 d5 4.
g3 dxc4 5. Bg2 a6 6. O-O Nc6 7. e3 Bd7 8. Qe2 Bd6 9. Qxc4 O-O 10. Nbd2 Qe7 11. b3 e5 12. Bb2 e4 13. Ng5 Bf5 14. d5 Ne5 15. Bxe5 Bxe5 16. Rac1 Rad8 17. Ngxe4 Nxd5 18. Nc5 b5 19. Qh4 Bf6 20. Qh5 Bg6 21. Qf3 Nxe3 22.
Rfe1 Rxd2 23. Rxe3 Qd6 24. Ne4 Bxe4 25. Qxe4 Rxa2 26.
Rc6 Qd1+ 27. Re1 Qd2 28. Rf1 Qd7 29. Rfc1 Qd4 30. Qxd4 Bxd4 31. Rxc7 Rxf2 32. Kh1 g6 33. Bd5 a5 34. Rd1 Be5 35. Rc5 Rb8 36. Bxf7+ Rxf7 37.
Rxe5 Ra7 38. Ra1 a4 39. bxa4 bxa4 40. Re3 Rb4 41. Rea3 Kf7 42. h4 Ke6 43. Kg2 Kd5 44. Kh3 Kc5 45. R3a2 Rc4 46. Ra3 h6 47. R1a2 g5 48.
Ra1 g4+ 49. Kg2 Rc2+ 50. Kg1 Kb4 51. Re3 a3 52. Rb1+ Kc4 53. Re4+ Kd5 54. Rxg4 a2 55. Rd1+ Kc5 56. Ra1 Rb2 0-1

[Event "*** Titled Tuesday Blitz"]
[Site "Chess.com"]
[Date "2021.03.30"]
[Round "9"]
[White "CrushingKings"]
[Black "Horizonevent"]
[Result "0-1"]
[WhiteElo "2454"]
[BlackElo "2531"]
[TimeControl "180+1"]
[EndTime "11:47:20 PDT"]
[Termination "Horizonevent won by resignation"]

1. e4 e5 2. Nf3 Nc6 3. Bc4 Nf6 4. d3 Bc5 5. c3 d6 6. O-O a6 7. Bb3 Ba7 8. Nbd2 h6 9. Re1 g5 10. Nf1 Ne7 11. d4 exd4 12. e5 dxe5 13. Nxe5 Be6 14. Qf3 Nfd5 15. c4 Nf4 16. Bxf4 gxf4 17. c5 Bxb3 18.
Qxb3 Qd5 19. Qxd5 Nxd5 20. Ng6+ Kd7 21. Nxh8 Rxh8 22. Nd2 Bxc5 23. Ne4 Bb6 24. Rad1 Re8 25. a3 a5 26. b3 Re6 27. Kf1 c6 28. Nd2 Nc3 29.
Rc1 Rg6 30. Nc4 Bc7 31. Rc2 Rg5 32. Rd2 Rd5 33. Rc1 c5 34. Rd3 Kc6 35. a4 b5 36.
axb5+ Kxb5 37. Nb2 Rd6 38. Nc4 Re6 39. Nd2 Kb4 40. g3 fxg3 41. hxg3 f5 42. Rf3 f4 43. gxf4 Rf6 44. Rh3 Bxf4 45. Ne4 Nxe4 46. Rc4+ Kb5 47. Rh5 Nd2+ 48. Ke2 Nxc4 49. bxc4+ Kxc4 50. Rf5 Rxf5 0-1

[Event "*** Titled Tuesday Blitz"]
[Site "Chess.com"]
[Date "2021.03.30"]
[Round "9"]
[White "geordie_derraugh"]
[Black "politeplayer"]
[Result "1-0"]
[WhiteElo "2434"]
[BlackElo "2211"]
[TimeControl "180+1"]
[EndTime "11:47:20 PDT"]
[Termination "geordie_derraugh won by resignation"]

1. e4 e5 2. Nf3 Nf6 3. Nxe5 d6 4. Nf3 Nxe4 5. d4 d5 6. Bd3 Bd6 7. O-O O-O 8. c4 c6 9. Nc3 Nxc3 10. bxc3 dxc4 11.
Bxc4 Bf5 12. Bg5 Qa5 13. Qb3 Be4 14. Bh4 Bxf3 15. gxf3 Bxh2+ 16. Kxh2 Qh5 17. Kg3 g5 18. Rh1 Nd7 19. Rag1 gxh4+ 20. Rxh4 Qf5 21. Qxb7 Kh8 22. Rg4 Nf6 23. Qxc6 Rac8 24. Qb5 Qxb5 25. Bxb5 Nxg4 26. fxg4 Rxc3+ 27. f3 f5 28. g5 Rd8 29. Rd1 Kg7 30.
Kf4 Kg6 31. Rd2 Rb8 32. Bd7 Rf8 33. Rh2 Rc4 34. Rh6+ Kg7 35. Rd6 Rd8 36. Ke5 Rc7 37. Bxf5 Rxd6 38. Kxd6 Rf7 39. Ke6 Rb7 40. d5 Rb2 41. d6 Rxa2 42. Be4 Ra6 43. f4 h5 44.
gxh6+ Kxh6 45. Ke7 Rxd6 46. Kxd6 a5 47. f5 Kg5 48.
Ke6 a4 49. Bb1 1-0

[Event "*** Titled Tuesday Blitz"]
[Site "Chess.com"]
[Date "2021.03.30"]
[Round "9"]
[White "Bhagya_2312"]
[Black "losersgame"]
[Result "1-0"]
[WhiteElo "2188"]
[BlackElo "2320"]
[TimeControl "180+1"]
[EndTime "11:47:22 PDT"]
[Termination "Bhagya_2312 won on time"]

1. e4 e5 2. Nf3 Nc6 3. Bc4 g6 4. O-O Bg7 5. c3 f5 6. d4 fxe4 7. Ng5 d5 8. Bb5 exd4 9. cxd4 Bd7 10. Bxc6 bxc6 11. Re1 h6 12. Nf3 Ne7 13. Ne5 Bxe5 14. dxe5 Nf5 15. Nc3 O-O 16. Be3 Qh4 17. g3 Qh3 18.
Nxe4 Nxe3 19. Rxe3 dxe4 20. Rxe4 Be6 21. Rh4 Qf5 22. Qe2 h5 23. Rf4 Qg5 24. Rd4 Rae8 25. f4 Qf5 26. Rad1 Bd5 27. b4 a6 28. a4 h4 29. b5 axb5 30. axb5 hxg3 31. hxg3 Qh3 32. Qh2 Qxh2+ 33. Kxh2 Re7 34. bxc6 Rh7+ 35. Kg1 Rh1+ 36. Kf2 Rxd1 37. Rxd1 Bxc6 38. Rc1 Be4 39.
Rxc7 Ra8 40. Ke3 Bf5 41. Kd4 Ra3 42. Kc5 Rxg3 43. Kd6 Rd3+ 44. Ke7 Kg7 45. Ke8+ Kh6 46. Kf7 Re3 47. Kf6 1-0

[Event "*** Titled Tuesday Blitz"]
[Site "Chess.com"]
[Date "2021.03.30"]
[Round "9"]
[White "Gudmundur_Kjartansson"]
[Black "c_r_e_e_p_e_r"]
[Result "1-0"]
[WhiteElo "2521"]
[BlackElo "2364"]
[TimeControl "180+1"]
[EndTime "11:47:24 PDT"]
[Termination "Gudmundur_Kjartansson won on time"]

1. Nf3 d5 2. c4 dxc4 3. e3 Bg4 4.
Bxc4 e6 5. h3 Bh5 6. Qb3 Bxf3 7.
gxf3 Nd7 8. Qxb7 Ngf6 9. Nc3 Bd6 10. f4 O-O 11. b3 e5 12. Bb2 exf4 13. O-O-O Ne5 14.
Rhg1 Nxc4 15. bxc4 Rb8 16. Qg2 Ne8 17. Nd5 Rxb2 18.
Kxb2 c6 19. Nc3 Qb6+ 20. Ka1 Be5 21. d4 Bf6 22. Ne4 c5 23. Nxf6+ Qxf6 24. Qg5 Qe6 25. Qxc5 fxe3 26. Rge1 e2 27. Rd3 Nd6 28. Re3 Ne4 29. Qe5 Nxf2 30. Qxe6 fxe6 31. R1xe2 Rf4 32. Rxe6 Nxh3 33.
R6e4 Rf3 34. d5 Rc3 35. d6 Rd3 36. c5 Ng5 37. Re8+ Kf7 38. R8e7+ Kg6 39. Rxa7 Nf3 40. d7 Nd4 41. Rg2+ Kf6 42. d8=Q+ Kf5 43. Qd5+ Kf4 44. Qg5+ Ke4 45. Qg4+ Kd5 46. Qh5+ Kc4 47. Ra4+ Kc3 48. Rxd4 1-0